 Dungeon Crawl Stone Soup version 0.18.1-48-g4cf74bf (webtiles) character file.

156 TuxedoFelix the Shield-Bearer (level 5, -4/47 HPs)
             Began as a Minotaur Fighter on July 21, 2016.
             Killed by divine providence
             ... invoked by an orc priest
              (14 damage)
             ... on level 3 of the Dungeon.
             The game lasted 00:07:31 (1926 turns).

TuxedoFelix the Shield-Bearer (Minotaur Fighter)    Turns: 1926, Time: 00:07:31

Health: -4/47      AC:  7    Str: 33    XL:     5   Next: 15%
Magic:  4/4        EV:  8    Int:  5    God:
Gold:   158        SH: 11    Dex:  9    Spells: 0 memorised, 4 levels left

rFire  . . .     SeeInvis .     a - +0 war axe
rCold  . . .     Gourm    .     b - +0 scale mail
rNeg   . . .     Faith    .     c - +0 shield
rPois  .         Spirit   .     (helmet restricted)
rElec  .         Dismiss  .     (no cloak)
rCorr  .         Reflect  .     (no gloves)
SustAt .         Harm     .     (no boots)
MR     .....                    (no amulet)
Stlth  ..........               (no ring)
                                e - +6 ring of strength

@: mighty, not resistant to hostile enchantments, extremely unstealthy
A: retaliatory headbutt, horns 2
a: no special abilities


You were on level 3 of the Dungeon.
You were not hungry.

You visited 1 branch of the dungeon, and saw 3 of its levels.

You collected 158 gold pieces.

Inventory:

Hand Weapons
 a - a +0 war axe (weapon)
 g - a +3 quarterstaff of chaos
Armour
 b - a +0 scale mail (worn)
 c - a +0 shield (worn)
 w - a +2 cloak
Jewellery
 e - a +6 ring of strength (left hand)
 l - an uncursed ring of fire {unknown}
Scrolls
 d - a scroll of teleportation {unknown}
 h - a scroll of noise {unknown}
 j - 3 scrolls of remove curse
 q - a scroll of fear {unknown}
 r - a scroll of magic mapping {unknown}
 t - a scroll of identify {unknown}
Potions
 i - a potion of ambrosia {unknown}
 k - 2 potions of brilliance {unknown}
 m - a potion of magic {unknown}
 n - a potion of curing {unknown}
 o - a potion of resistance {unknown}
 p - a potion of lignification {unknown}
 s - a potion of agility {unknown}
 v - a potion of degeneration {unknown}
Comestibles
 f - 2 bread rations


   Skills:
 + Level 4.5 Fighting
 + Level 3.4 Axes
 + Level 4.6 Armour
 + Level 1.6 Dodging
 + Level 0.3 Stealth
 + Level 4.7 Shields


You had 4 spell levels left.
You didn't know any spells.

Dungeon Overview and Level Annotations

Branches:
Dungeon (3/15)

Altars:
Gozag


Innate Abilities, Weirdness & Mutations

You reflexively headbutt those who attack you in melee.
You have a pair of horns on your head.


Message History

The orc priest is heavily wounded.
You block the orc priest's attack.
Your shield and scale mail prevent you from hitting the orc priest.
The orc priest is heavily wounded.
The orc priest hits you but does no damage.
The orc wizard mumbles some strange words.
The orc wizard flickers and vanishes!
Deactivating autopickup; reactivate with Ctrl-A.
The orc priest mumbles some strange prayers to Beogh against you.
Pain shoots through your body!
* * * LOW HITPOINT WARNING * * *
You feel very mighty all of a sudden.
The orc priest hits you with an enchanted dagger.
* * * LOW HITPOINT WARNING * * *
You slash the orc priest!
You kill the orc priest!
You have reached level 5!
The orc priest invokes the aid of Beogh against you.
Beogh smites you!
You die...

... ..#....... ##..##.
... ........ ....... ...
...... ....... ...
..###.#.####....... ...
.................>. ...
#.# .......o...........
... #..
......#{#######.##. ...
..# ..###.#)# ###
#.#.#..# #.#@# #.#.#..#
#.#.#######. #.#.#..#
#.#.........
#####.#.#..#
#.#.#######.
.....(.....# #.#†#
#####(#.##.# #.#.#
#####.#.##.###.#.#######
.....)...†..............
#####.#.##.#####.#######


You could see an orc priest.

Vanquished Creatures
  An orc priest (D:3)
  Crazy Yiuf (D:2)
  3 adders (D:2)
  2 oozes (D:1)
  A worm (D:2)
  A dart slug (D:2)
  A giant gecko (D:1)
  An orc (D:3)
  5 bats
  3 giant cockroaches
  7 goblins
  4 hobgoblins
  7 jackals (D:2)
  3 quokkas (D:2)
  4 giant newts
  9 kobolds
  4 rats
57 creatures vanquished.

Vanquished Creatures (others)
  An ooze (D:2)
  2 goblins (D:2)
  A ball python (D:2)
4 creatures vanquished.

Grand Total: 61 creatures vanquished

Notes
Turn   | Place    | Note
--------------------------------------------------------------
     0 | D:1      | TuxedoFelix the Minotaur Fighter began the quest for the Orb.
     0 | D:1      | Reached XP level 1. HP: 19/19 MP: 0/0
    70 | D:1      | Reached XP level 2. HP: 27/27 MP: 1/1
   395 | D:1      | Reached XP level 3. HP: 33/33 MP: 2/2
   807 | D:2      | Reached XP level 4. HP: 27/40 MP: 3/3
  1099 | D:2      | Reached skill level 1 in Dodging
  1241 | D:2      | Found an opulent altar of Gozag.
  1353 | D:2      | Noticed Crazy Yiuf
  1363 | D:2      | Killed Crazy Yiuf
  1926 | D:3      | Reached XP level 5. HP: 10/47 MP: 4/4
  1926 | D:3      | Killed from afar by an orc priest

Skill      XL: |  1  2  3  4 |
---------------+-------------+-----
Armour         | 4 |  4.6
Shields        | 4 |  4.7
Fighting       | 4 |  4.5
Dodging        | 1 |  1.6
Axes           | 3 |  3.4
Stealth        | |  0.3

Action                   |  1- 3 |  4- 6 || total
-------------------------+-------+-------++-------
Melee: War axe           |    68 |    54 ||   122
       Headbutt          |     6 |    11 ||    17
  Use: Potion            |     1 |     1 ||     2
       Scroll            |     1 |       ||     1
  Eat: Meat ration       |       |     1 ||     1
       Pizza             |       |     1 ||     1
Armor: Scale mail        |    39 |    25 ||    64
Dodge: Dodged            |    30 |    22 ||    52
Block: Shield            |    48 |    41 ||    89
